[Event "Titled Tuesday Blitz July 6 2021"]
[White "Araujo Sanchez, Josue"]
[Black "Zong, Davis"]
[WhiteFideId "6416896"]
[BlackFideId "30903955"]
[WhiteElo "2181"]
[BlackElo "2413"]
[Result "0-1"]
[Round "03"]
[TimeControl "180+1"]
[Date "2021.07.06"]
[WhiteClock "0:00:30"]
[BlackClock "0:00:14"]

1. Nf3 Nf6 2. g3 d5 3. Bg2 Bg4 4. O-O c6 5. c4 Nbd7 6. d3 e5 7. cxd5 cxd5 8. Nc3 Bd6 9. h3 Bh5 10. Bg5 Qb6 11. Bxf6 Nxf6 12. Qa4+ Qc6 13. Qb3 O-O 14. Nd2 Rac8 15. g4 Bg6 16. Rac1 e4 17. g5 Nh5 18. Qxd5 Qxd5 19. Nxd5 exd3 20. e3 f6 21. h4 fxg5 22. hxg5 h6 23. gxh6 gxh6 24. Ne4 Rxc1 25. Rxc1 Be5 26. Ne7+ Kf7 27. Nxg6 Kxg6 28. b3 Nf6 29. Nxf6 Kxf6 30. Bxb7 d2 31. Rd1 Rd8 32. f4 Bb2 33. Kf2 Bc1 34. Be4 h5 35. Kf3 h4 36. Rh1 Rh8 37. Bc2 h3 38. Bd1 a5 39. Kg3 Kf5 40. Bc2+ Kf6 41. e4 Rc8 42. Bd1 Rc3+ 43. Kg4 Re3 44. e5+ Ke6 45. Rxh3 Re1 46. Rh6+ Ke7 47. Bf3 d1=Q 48. Bxd1 Rxd1 49. f5 Bxh6 50. Kh5 Rh1+ 51. Kg6 Bf4 52. f6+ Kf8 53. e6 Bd6 54. Kf5 Rf1+ 55. Kg6 Re1 56. Kf5 Re5+ 57. Kg6 Rxe6 58. Kg5 Kf7 59. Kf5 Rxf6+ 60. Kg5 Ke6 61. Kh4 Ba3 62. Kg4 Rf2 63. Kh3 Rxa2 64. Kg3 Rb2 65. Kg4 Rxb3 66. Kh4 a4 67. Kh5 Bb2 68. Kg6 a3 69. Kg5 a2 70. Kh5 a1=Q 71. Kg4 Qg1+ 72. Kh4 Rb8 73. Kh5 Rh8# 0-1


[Site "https://www.chess.com"]

[Event "Titled Tuesday Blitz July 6 2021"]
[White "Arutinian, David"]
[Black "Leenhouts, Koen"]
[WhiteFideId "13601741"]
[BlackFideId "1008439"]
[WhiteElo "2525"]
[BlackElo "2409"]
[Result "1-0"]
[Round "03"]
[TimeControl "180+1"]
[Date "2021.07.06"]
[WhiteClock "0:01:35"]
[BlackClock "0:01:00"]

1. Nf3 Nf6 2. c4 c5 3. Nc3 d5 4. cxd5 Nxd5 5. e3 e6 6. d4 cxd4 7. exd4 Nc6 8. Bd3 Be7 9. O-O O-O 10. Re1 Bf6 11. Be4 Nxc3 12. bxc3 Ne7 13. h4 Qc7 14. Qd3 h6 15. Ng5 Rd8 16. Bxb7 Bxb7 17. Qh7+ Kf8 18. Qh8+ Ng8 19. Ba3+ Rd6 20. Rxe6 fxe6 21. Nxe6+ Kf7 22. Nxc7 Rad8 23. Bxd6 Rxd6 24. Qh7 Ne7 25. Re1 1-0


[Site "https://www.chess.com"]

[Event "Titled Tuesday Blitz July 6 2021"]
[White "Baches Garcia, Guillermo"]
[Black "Molina, Roberto Junio Brito"]
[WhiteFideId "2209764"]
[BlackFideId "2109450"]
[WhiteElo "2417"]
[BlackElo "2402"]
[Result "0-1"]
[Round "03"]
[TimeControl "180+1"]
[Date "2021.07.06"]
[WhiteClock "0:00:09"]
[BlackClock "0:00:06"]

1. e4 c6 2. c4 d5 3. exd5 cxd5 4. cxd5 Nf6 5. Nc3 Nxd5 6. Nf3 e6 7. d4 Nc6 8. Bb5 Be7 9. O-O O-O 10. Re1 Nf6 11. a3 Bd7 12. Qd3 Rc8 13. Ba4 Na5 14. Bc2 Bc6 15. Ne5 Bd5 16. Bg5 g6 17. Rad1 Nc6 18. Qh3 Nh5 19. Bh6 Re8 20. Nxf7 Kxf7 21. Nxd5 Bg5 22. Qf3+ Kg8 23. Bxg5 Qxg5 24. Nc3 Rcd8 25. Ne4 Qf5 26. Qb3 Qd5 27. g4 Qxb3 28. Bxb3 Nxd4 29. Rxd4 Rxd4 30. gxh5 Kg7 31. Ng5 Rg4+ 32. Kf1 Rxg5 33. hxg6 Rxg6 34. Rc1 Re7 35. Rc8 Rf6 36. Bc2 e5 37. Ke2 e4 38. Bb3 Kh6 39. Rg8 Rg6 40. Rb8 Rg5 41. Bg8 Rf5 42. h4 Kh5 43. Bb3 Kxh4 44. Bd1 h5 45. Ke3 Ref7 46. Rh8 Rg5 47. Rh7 Rxh7 0-1


[Site "https://www.chess.com"]

[Event "Titled Tuesday Blitz July 6 2021"]
[White "Balaji, Aaravamudhan"]
[Black "Afanasiev, Nikita"]
[WhiteFideId "436224"]
[BlackFideId "24183555"]
[WhiteElo "2085"]
[BlackElo "2521"]
[Result "0-1"]
[Round "03"]
[TimeControl "180+1"]
[Date "2021.07.06"]
[WhiteClock "0:00:11"]
[BlackClock "0:00:55"]

1. d4 Nf6 2. c4 d6 3. Nc3 Bf5 4. f3 e5 5. d5 e4 6. Bg5 Be7 7. Qb3 O-O 8. g4 Bg6 9. h4 h6 10. Bd2 Na6 11. h5 Bh7 12. g5 hxg5 13. Bxg5 Nc5 14. Qd1 Nfd7 15. Bxe7 Qxe7 16. f4 e3 17. Qd4 Qf6 18. Qxf6 Nxf6 19. h6 gxh6 20. Rxh6 Kg7 21. Rh3 Rae8 22. Rg3+ Kh8 23. Nh3 Nh5 24. Rg5 Ng7 25. O-O-O f6 26. Rg1 Nf5 27. Bg2 a5 28. Bf3 Rg8 29. Rh1 Rg3 30. Rh2 Kg7 31. Bh5 Rh8 32. Rg1 Rxg1+ 33. Nxg1 Bg6 34. Bxg6 Rxh2 35. Bxf5 Rh1 36. Kc2 Rxg1 37. a3 a4 38. Nb5 c6 39. dxc6 bxc6 40. Nxd6 Rf1 41. Ne4 Rxf4 42. Nxc5 Rxc4+ 43. Kd3 Rxc5 44. Be4 Rb5 45. Bxc6 Rxb2 46. Bxa4 Ra2 47. Bb5 Rxa3+ 48. Ke4 Kg6 49. Bd3 Kg5 50. Kxe3 Kg4 51. Ke4 f5+ 52. Ke5 f4 53. Ke4 Kg3 54. Bb5 Rb3 55. Ba6 Rb4+ 56. Kf5 Kf2 57. Kg5 Ke3 58. Kf5 Ra4 59. Bd3 f3 0-1


[Site "https://www.chess.com"]

[Event "Titled Tuesday Blitz July 6 2021"]
[White "Ben Artzi, Ido"]
[Black "Samunenkov, Ihor"]
[WhiteFideId "2810913"]
[BlackFideId "14187086"]
[WhiteElo "2244"]
[BlackElo "2281"]
[Result "0-1"]
[Round "03"]
[TimeControl "180+1"]
[Date "2021.07.06"]
[WhiteClock "0:00:03"]
[BlackClock "0:00:11"]

1. e4 c5 2. Nf3 Nc6 3. c3 Nf6 4. e5 Nd5 5. d4 cxd4 6. cxd4 d6 7. exd6 Qxd6 8. Nc3 Bg4 9. Bc4 e6 10. O-O Be7 11. h3 Bh5 12. Ne4 Qc7 13. Ng3 Bg6 14. Bd2 O-O 15. h4 h6 16. h5 Bh7 17. Rc1 Rad8 18. Qe2 Qb8 19. Rfd1 Bf6 20. Be1 Nb6 21. Ne4 Bxd4 22. Bd3 Kh8 23. Nxd4 Nxd4 24. Qe3 e5 25. Bb4 Nd5 26. Qe1 Nxb4 27. Qxb4 Nc6 28. Qc3 Rd4 29. Nc5 Rfd8 30. Be2 Rxd1+ 31. Rxd1 Nd4 32. Re1 b6 33. Nb3 Nxe2+ 34. Rxe2 f6 35. Nd2 Bf5 36. Nf1 Bg4 37. Rd2 Bxh5 38. Rxd8+ Qxd8 39. Ne3 Bg6 40. Qc2 Bxc2 41. Nxc2 0-1


[Site "https://www.chess.com"]

[Event "Titled Tuesday Blitz July 6 2021"]
[White "Budiarti, Farah Yumna"]
[Black "Bordi, Kevin"]
[WhiteFideId "7107331"]
[BlackFideId "621862"]
[WhiteElo "2490"]
[BlackElo "2756"]
[Result "1-0"]
[Round "03"]
[TimeControl "180+1"]
[Date "2021.07.06"]
[WhiteClock "0:00:55"]
[BlackClock "0:01:31"]

1. d4 d5 2. c4 c6 3. g3 Nf6 4. Bg2 Bf5 5. cxd5 cxd5 6. Nc3 e6 7. Qb3 Qb6 8. Nf3 Qxb3 9. axb3 Nc6 10. O-O Be7 11. h3 O-O 12. Bf4 Bc2 13. Rfc1 Bxb3 14. Nd2 Bc4 15. Nxc4 dxc4 16. Bxc6 bxc6 17. Na4 Nd5 18. Rxc4 Nxf4 19. gxf4 Rfb8 20. Rxc6 Rb4 21. e3 g6 22. Rc2 Rab8 23. Ra2 Bf8 24. Nc5 Kg7 25. Na6 1-0


[Site "https://www.chess.com"]

[Event "Titled Tuesday Blitz July 6 2021"]
[White "Colas, Joshua"]
[Black "Navalgund, Niranjan"]
[WhiteFideId "2044447"]
[BlackFideId "5030854"]
[WhiteElo "2347"]
[BlackElo "2290"]
[Result "1-0"]
[Round "03"]
[TimeControl "180+1"]
[Date "2021.07.06"]
[WhiteClock "0:00:14"]
[BlackClock "0:00:04"]

1. Nf3 Nf6 2. c4 e6 3. g3 a6 4. Bg2 b5 5. b3 Bb7 6. O-O Be7 7. d4 O-O 8. Nc3 b4 9. Na4 d6 10. a3 a5 11. axb4 axb4 12. Bd2 c5 13. dxc5 dxc5 14. Be3 Ne4 15. Nd2 Nxd2 16. Qxd2 Qxd2 17. Bxd2 Bxg2 18. Kxg2 Bf6 19. Rad1 Na6 20. Be3 Rac8 21. Rd6 Nb8 22. Rb6 Bd4 23. Bxd4 cxd4 24. Rxb4 Rfd8 25. Rd1 e5 26. c5 Na6 27. Rc4 Rb8 28. Rb1 e4 29. c6 Nc7 30. Nc5 d3 31. exd3 exd3 32. Rd1 d2 33. Rc2 Rb6 34. Rcxd2 Rxd2 35. Rxd2 g6 36. Rd8+ Kg7 37. Rd6 Nb5 38. Rd7 Rxc6 39. Nd3 Rc2 40. Ne5 Kf6 41. Nxf7 Rb2 42. h4 Nc3 43. Ng5 h6 44. Nh7+ Ke6 45. Nf8+ Kf6 46. Rb7 Ne4 47. Rb6+ Kf7 48. Nxg6 Rxf2+ 49. Kh3 Rb2 50. Ne5+ Kg7 51. Rb7+ Kf6 52. Ng4+ Kg6 53. Rb6+ Kg7 54. Nxh6 Nf2+ 55. Kg2 Ng4+ 56. Kf3 Nxh6 57. g4 Nf7 58. g5 Rh2 59. Kg4 Ne5+ 60. Kh5 Nf3 61. Rb7+ Kf8 62. Kg6 Nxh4+ 63. Kf6 Rf2+ 64. Ke6 Nf3 65. g6 Ng5+ 66. Ke5 Rf3 67. b4 Kg8 68. b5 Rb3 69. Kf5 Nf3 70. Kf6 Ng5 71. Rb8# 1-0


[Site "https://www.chess.com"]

[Event "Titled Tuesday Blitz July 6 2021"]
[White "Coto Mederos, Michel"]
[Black "Alavi, Sayed Javad"]
[WhiteFideId "3508528"]
[BlackFideId "12500607"]
[WhiteElo "2427"]
[BlackElo "2495"]
[Result "1-0"]
[Round "03"]
[TimeControl "180+1"]
[Date "2021.07.06"]
[WhiteClock "0:00:09"]
[BlackClock "0:00:05"]

1. c4 Nf6 2. Nc3 e5 3. Nf3 Nc6 4. e4 Bb4 5. d3 d6 6. a3 Bxc3+ 7. bxc3 O-O 8. Be2 Ne7 9. O-O c5 10. Ne1 a6 11. a4 Bd7 12. f4 exf4 13. Bxf4 Be6 14. Bg5 Nd7 15. Nc2 f6 16. Bd2 Ne5 17. Ne3 Rc8 18. Rb1 Qd7 19. d4 cxd4 20. cxd4 N5g6 21. Qb3 Nc6 22. Bc3 Nd8 23. d5 Bf7 24. Bg4 Qc7 25. Bxc8 Qxc8 26. Nf5 Re8 27. Bb4 Qd7 28. Nxd6 Re5 29. c5 Rg5 30. Bd2 Rh5 31. Nxb7 Nf8 32. Nxd8 Qxd8 33. c6 Qe7 34. Qb8 Qxe4 35. Bb4 h6 36. Qxf8+ Kh7 37. Qxf7 Qe3+ 38. Rf2 Rf5 39. Rf1 Qd4 40. Be1 Re5 41. Kh1 Rxe1 42. Rxe1 Qxf2 43. Rg1 Qc5 44. Qd7 h5 45. c7 h4 46. h3 1-0


[Site "https://www.chess.com"]

[Event "Titled Tuesday Blitz July 6 2021"]
[White "Cruz, Jonathan"]
[Black "Petukhov, Dmitry"]
[WhiteFideId "3802124"]
[BlackFideId "4142748"]
[WhiteElo "2381"]
[BlackElo "2356"]
[Result "1/2-1/2"]
[Round "03"]
[TimeControl "180+1"]
[Date "2021.07.06"]
[WhiteClock "0:00:09"]
[BlackClock "0:00:17"]

1. d4 Nf6 2. g3 g6 3. Bg2 Bg7 4. e4 d5 5. e5 Nfd7 6. e6 fxe6 7. f4 O-O 8. Nf3 c5 9. dxc5 Nxc5 10. O-O Nc6 11. Kh1 e5 12. Nxe5 Nxe5 13. fxe5 Rxf1+ 14. Qxf1 Bf5 15. Be3 Ne4 16. Bd4 Qc7 17. Nc3 Nxc3 18. Bxc3 e6 19. Qe2 Rd8 20. g4 Bxc2 21. Qxc2 d4 22. Rd1 dxc3 23. Rxd8+ Qxd8 24. bxc3 Bxe5 25. Bxb7 Qc7 26. Qb3 Kg7 27. Be4 Qxc3 28. Qxc3 Bxc3 29. Kg2 Kf6 30. Kf3 Ke5 31. h3 Kd4 32. Bc6 Bb2 33. Bb7 Bc1 34. Bc6 g5 35. Be4 h6 36. Bc2 a5 37. Bh7 a4 38. Bc2 a3 39. Bb3 e5 40. Bc2 Kc3 41. Be4 Kd2 42. Bg6 Ke1 43. Bd3 Bf4 44. Bc4 Kd2 45. Bd5 Ke1 46. Bc4 Bc1 47. Ke4 Bf4 48. Kf5 Kf2 49. Bd5 Kg3 50. Bf7 Kxh3 51. Bh5 Kg3 52. Ke4 Kh4 53. Kf3 Bh2 54. Kg2 Bg3 55. Kf3 Be1 56. Ke2 Bc3 57. Kf3 Bb2 58. Bg6 Kh3 59. Bf5 Kh4 60. Bg6 Bc3 61. Bf7 Kh3 62. Bh5 Kh2 63. Bg6 Kg1 64. Bf5 Kf1 65. Bg6 Ke1 66. Bf5 Kd2 67. Bg6 Kc1 68. Bf5 Kb2 69. Be6 Bd4 70. Ke4 Kc3 71. Bd5 Kb4 72. Be6 Kc5 73. Bf7 Kd6 74. Bb3 Ke7 75. Kf5 Kd6 76. Bc4 Be3 77. Bb3 Bf4 78. Ke4 Ke7 79. Bc4 Kf6 80. Bb5 Kg7 81. Be8 Kf8 82. Bh5 Kg7 83. Be8 Kf6 84. Bh5 Ke7 85. Bg6 Bc1 86. Bh5 Bb2 87. Bg6 Kf6 88. Be8 h5 89. Bxh5 Kg7 90. Be8 Kf6 91. Ba4 Ke7 92. Kf5 Kd6 93. Kxg5 Kd5 94. Kf5 e4 95. Bd1 Kd4 96. g5 Kd3 97. Kf4 Bc1+ 98. Kg3 Bxg5 99. Kf2 Bh4+ 100. Kf1 Kd2 101. Be2 e3 102. Bc4 Kc3 103. Bf7 Kd2 104. Bc4 Bf6 105. Be2 Kc3 106. Ba6 Kb2 107. Bc4 Kc3 108. Ba6 Kd2 109. Be2 Bd4 110. Ba6 Kd1 111. Be2+ Kc1 112. Bc4 Kd2 113. Be2 Kc3 114. Ba6 Bc5 115. Ke2 Kb2 116. Bc4 Kc3 117. Bf7 Kb2 118. Bg8 Kc3 119. Bf7 Kd4 120. Bg8 Kc3 121. Bf7 1/2-1/2


[Site "https://www.chess.com"]

[Event "Titled Tuesday Blitz July 6 2021"]
[White "Cunjalo, Faris"]
[Black "Hebden, Mark L"]
[WhiteFideId "14410710"]
[BlackFideId "400084"]
[WhiteElo "2234"]
[BlackElo "2457"]
[Result "1-0"]
[Round "03"]
[TimeControl "180+1"]
[Date "2021.07.06"]
[WhiteClock "0:00:09"]
[BlackClock "0:00:23"]

1. d4 Nf6 2. c4 g6 3. Nc3 Bg7 4. e4 d6 5. Be2 O-O 6. Bg5 c6 7. Nf3 h6 8. Be3 Nbd7 9. Nd2 e5 10. d5 c5 11. g4 a6 12. a4 b6 13. h4 Ne8 14. h5 g5 15. f3 Nc7 16. Bd3 Nf6 17. Qe2 Bd7 18. O-O Qb8 19. Rfb1 a5 20. Nb5 Na6 21. Nf1 Nb4 22. Ng3 Ne8 23. Qd2 f6 24. Be2 Rf7 25. b3 Bf8 26. Nc3 Ng7 27. Rf1 Qc8 28. Rf2 Ra7 29. Raf1 Be8 30. Nd1 Bd7 31. Qc3 Be8 32. Bd2 Bd7 33. Ne3 Ra8 34. Qc1 Qd8 35. Qc3 Qe7 36. Bd1 Re8 37. Bc2 Qd8 38. Bb1 Qc8 39. Qc1 Qd8 40. Qd1 Qc8 41. Bc1 Qd8 42. Rg2 Qc8 43. Nef5 Nxf5 44. exf5 Kh8 45. Ne4 Be7 46. Bd2 Rg8 47. Qe2 Qe8 48. Qe3 Bxa4 49. bxa4 Qxa4 50. Bd3 Qb3 51. Be2 Qxe3+ 52. Bxe3 Ra8 53. Nc3 Nc2 54. Bc1 Nd4 55. Bd1 Rff8 56. Rb2 Rfb8 57. Ba4 Kg7 58. Kf2 Kf8 59. Be3 Bd8 60. Rfb1 Ke7 61. Bc6 Ra7 62. Na4 Ra6 63. Bxd4 cxd4 64. c5 dxc5 65. Nxc5 Ra7 66. Ne4 a4 67. d6+ Kf7 68. Ra2 a3 69. Rb3 b5 70. Rbxa3 Rxa3 71. Rxa3 b4 72. Bd5+ Kf8 73. Ra7 b3 74. Rf7+ 1-0


[Site "https://www.chess.com"]

[Event "Titled Tuesday Blitz July 6 2021"]
[White "Dang, Hoang Son"]
[Black "Travadon, Loic"]
[WhiteFideId "12402435"]
[BlackFideId "26092131"]
[WhiteElo "2248"]
[BlackElo "2095"]
[Result "0-1"]
[Round "03"]
[TimeControl "180+1"]
[Date "2021.07.06"]
[WhiteClock "0:00:02"]
[BlackClock "0:01:02"]

1. d4 Nf6 2. c4 g6 3. Nf3 Bg7 4. g3 O-O 5. Bg2 c5 6. O-O cxd4 7. Nxd4 d5 8. cxd5 Nxd5 9. Nb5 a6 10. N5c3 Nxc3 11. Nxc3 Nc6 12. Qa4 Bd7 13. Rd1 Nd4 14. Qc4 Bb5 15. Nxb5 Nf3+ 16. Bxf3 Qxd1+ 17. Kg2 axb5 18. Qxb5 Rac8 19. e3 Qe1 20. Qf1 Qxf1+ 21. Kxf1 Rc2 22. Be4 Bxb2 23. Bxb2 Rxb2 24. a4 Rd8 25. a5 Rdd2 26. Kg1 Rxf2 27. Bxb7 Rxh2 28. a6 Ra2 29. Rc1 Kg7 30. Bd5 e6 31. Bxa2 Rxa2 32. Rc6 h6 33. Kf1 e5 34. Ke1 h5 35. Kd1 g5 36. Kc1 f6 37. Kb1 Ra5 38. Kb2 h4 39. gxh4 gxh4 40. Kb3 h3 41. Kb4 Ra1 42. Rc2 Rxa6 43. Rh2 Kg6 44. Rxh3 Kf5 45. Rh4 Rc6 46. Kb5 Rc3 47. e4+ Kg5 48. Rh1 Re3 49. Rg1+ Kh5 50. Rh1+ Kg4 51. Rg1+ Rg3 52. Rf1 Rf3 53. Re1 Kf4 54. Kc5 Re3 55. Rf1+ Kxe4 56. Rxf6 Rd3 57. Kc4 Rd8 58. Kc3 Ke3 59. Kc2 e4 60. Rh6 Kf4 61. Rh4+ Kf3 62. Rh3+ Kg4 63. Rh7 e3 64. Rg7+ Kf4 65. Rf7+ Kg3 66. Rg7+ Kf3 67. Rf7+ Ke2 68. Re7 Kf2 69. Rf7+ Ke1 70. Re7 e2 71. Rf7 Rd6 72. Rf5 Rc6+ 73. Kb2 Rc4 74. Kb3 Rd4 75. Kc2 Rc4+ 76. Kd3 Rc8 77. Ra5 Rd8+ 78. Ke3 Re8+ 79. Kd3 Kf2 80. Rf5+ Kg3 81. Rg5+ Kf4 82. Rg1 e1=Q 0-1


[Site "https://www.chess.com"]

[Event "Titled Tuesday Blitz July 6 2021"]
[White "Dardha, Daniel"]
[Black "Hamley, Ryan"]
[WhiteFideId "240990"]
[BlackFideId "30959497"]
[WhiteElo "2489"]
[BlackElo "2445"]
[Result "0-1"]
[Round "03"]
[TimeControl "180+1"]
[Date "2021.07.06"]
[WhiteClock "0:00:02"]
[BlackClock "0:00:02"]

1. Na3 d5 2. c4 e6 3. Nf3 Nf6 4. g3 c5 5. Bg2 Nc6 6. O-O Be7 7. b3 O-O 8. Bb2 d4 9. e3 Re8 10. exd4 cxd4 11. d3 e5 12. Nd2 Bf5 13. Nf3 h6 14. Nc2 a5 15. a3 Qb6 16. Nh4 Bh7 17. Ne1 Nd7 18. Bd5 Bxh4 19. gxh4 Ne7 20. Bg2 Nc5 21. b4 axb4 22. axb4 Qxb4 23. Rb1 Qa4 24. Qe2 Ng6 25. Bc1 Nxh4 26. Bd5 Qd7 27. Rb5 Qd6 28. Qg4 Ng6 29. Ng2 Ra1 30. h4 Ne7 31. Rxc5 Qxc5 32. Bxh6 Rxf1+ 33. Kxf1 g6 34. Qd7 Ra8 35. Kg1 Nxd5 36. cxd5 Qc8 37. Qe7 Qd8 0-1


[Site "https://www.chess.com"]

[Event "Titled Tuesday Blitz July 6 2021"]
[White "De Silva, L M S T"]
[Black "Bluebaum, Matthias"]
[WhiteFideId "9953698"]
[BlackFideId "24651516"]
[WhiteElo "1621"]
[BlackElo "2685"]
[Result "0-1"]
[Round "03"]
[TimeControl "180+1"]
[Date "2021.07.06"]
[WhiteClock "0:00:15"]
[BlackClock "0:01:34"]

1. Nf3 d5 2. b3 Bg4 3. Bb2 Nd7 4. d4 Ngf6 5. e3 e6 6. Be2 Bd6 7. O-O O-O 8. c4 c6 9. Nc3 Qe7 10. h3 Bh5 11. Nd2 Bg6 12. f4 Bb4 13. Bf3 b5 14. c5 Nxc5 15. dxc5 Qxc5 16. Qc1 Qxe3+ 17. Kh1 d4 18. Ncb1 Rac8 19. a3 Bd6 20. g3 c5 21. Qe1 Qd3 22. Qe2 Qc2 23. Ra2 Bd3 24. Qd1 Qxd1 25. Rxd1 e5 26. fxe5 Bxe5 27. b4 c4 28. Nf1 Rfd8 29. Ba1 Be4 30. Bxe4 Nxe4 31. Re2 f5 32. Nbd2 d3 33. Rxe4 Bxa1 34. Re7 Bf6 35. Rxa7 c3 36. Nf3 c2 37. Rc1 Bb2 0-1


[Site "https://www.chess.com"]

[Event "Titled Tuesday Blitz July 6 2021"]
[White "Deepan Chakkravarthy J."]
[Black "Reprintsev, Alexander"]
[WhiteFideId "5011132"]
[BlackFideId "14100541"]
[WhiteElo "2490"]
[BlackElo "2126"]
[Result "1-0"]
[Round "03"]
[TimeControl "180+1"]
[Date "2021.07.06"]
[WhiteClock "0:00:19"]
[BlackClock "0:00:05"]

1. Nf3 Nc6 2. d4 d5 3. c4 e5 4. dxe5 d4 5. Bf4 Nge7 6. g3 Ng6 7. Bg2 Bg4 8. Nbd2 Qd7 9. h3 Bf5 10. Nb3 f6 11. Nfxd4 Nxd4 12. Qxd4 Bb4+ 13. Kf1 O-O-O 14. Qxd7+ Rxd7 15. c5 fxe5 16. Be3 Be6 17. Be4 Ne7 18. Kg2 a5 19. a3 Bxb3 20. axb4 a4 21. Rhc1 c6 22. Bc2 Kc7 23. Bxb3 axb3 24. Ra3 Nf5 25. Rxb3 Ra8 26. Rc2 Ra2 27. g4 Nd4 28. Bxd4 Rxd4 29. b5 h5 30. gxh5 Rh4 31. bxc6 bxc6 32. Rg3 Kd7 33. Rd2+ Ke6 34. Rxg7 Rxh5 35. Rd6+ Kf5 36. Rf7+ Kg5 37. Rdf6 Rh8 38. Rf5+ Kg6 39. R7f6+ Kg7 40. Rxc6 Rxb2 41. Rxe5 Kf7 42. f3 Rg8+ 43. Kf2 Rb1 44. h4 Rgg1 45. h5 Rgf1+ 46. Ke3 Rh1 47. Rd5 Rb3+ 48. Kf4 Ke7 49. e4 Rh3 50. Ke5 Rhxf3 51. Re6+ Kf7 52. Rd7+ Kf8 53. Rb6 Rxb6 54. cxb6 Rb3 55. b7 Ke8 56. Rh7 Kd8 57. Rh8+ 1-0


[Site "https://www.chess.com"]

[Event "Titled Tuesday Blitz July 6 2021"]
[White "Dmitrenko, Viktor"]
[Black "Quintiliano Pinto, Renato R."]
[WhiteFideId "14110270"]
[BlackFideId "2117568"]
[WhiteElo "2338"]
[BlackElo "2439"]
[Result "0-1"]
[Round "03"]
[TimeControl "180+1"]
[Date "2021.07.06"]
[WhiteClock "0:00:19"]
[BlackClock "0:00:10"]

1. e4 c5 2. Nf3 d6 3. d4 cxd4 4. Nxd4 Nf6 5. Nc3 a6 6. Be3 e5 7. Nb3 Be6 8. f3 Nbd7 9. Qd2 b5 10. O-O-O Be7 11. g4 b4 12. Nd5 Bxd5 13. exd5 Nb6 14. Na5 Nbxd5 15. Nc6 Qc7 16. Nxe7 Nxe3 17. Qxe3 Kxe7 18. g5 Nh5 19. Bh3 Rhd8 20. Kb1 Nf4 21. Bf5 Kf8 22. h4 g6 23. Bg4 Qe7 24. h5 Qxg5 25. Rdg1 Qf6 26. hxg6 hxg6 27. Rh7 Ne6 28. Rgh1 Nc5 29. Qe2 Ke7 30. Qc4 Rh8 31. Qd5 Rxh7 32. Rh2 Rxh2 33. a3 Rb8 34. axb4 Rxb4 35. Qc6 Kf8 36. Ka2 Kg7 37. Qe8 e4 0-1


[Site "https://www.chess.com"]

[Event "Titled Tuesday Blitz July 6 2021"]
[White "Dobrov, Vladimir"]
[Black "Pham, Le Thao Nguyen"]
[WhiteFideId "4136594"]
[BlackFideId "12401226"]
[WhiteElo "2614"]
[BlackElo "2286"]
[Result "0-1"]
[Round "03"]
[TimeControl "180+1"]
[Date "2021.07.06"]
[WhiteClock "0:00:07"]
[BlackClock "0:00:07"]

1. d4 Nf6 2. c4 c6 3. Nc3 d5 4. Nf3 dxc4 5. a4 Bf5 6. Nh4 Bg4 7. h3 Bh5 8. g4 Bg6 9. Nxg6 hxg6 10. e3 e6 11. Bxc4 a5 12. Bf1 Na6 13. Bg2 Nb4 14. O-O Bd6 15. f4 Nfd5 16. e4 Nb6 17. Qe2 O-O 18. Be3 f5 19. gxf5 gxf5 20. Kh1 Qh4 21. d5 exd5 22. Bxb6 fxe4 23. Rad1 Bxf4 24. Bg1 Rae8 25. Qg4 Qxg4 26. hxg4 g5 27. Ne2 Nd3 28. b3 Rf7 29. Bb6 Rh7+ 30. Kg1 Rh4 31. Nxf4 Nxf4 32. Kf2 Rxg4 33. Rg1 Rf8 34. Bc5 Rf7 35. Bxe4 Nh3+ 36. Ke2 Nxg1+ 37. Kd3 Rxe4 38. Rxg1 Rf3+ 39. Kd2 g4 40. b4 axb4 41. Kc2 b3+ 42. Kb2 Rxa4 43. Kb1 g3 44. Bd6 Rg4 45. Kb2 g2 46. Bc5 Rf1 0-1


[Site "https://www.chess.com"]

[Event "Titled Tuesday Blitz July 6 2021"]
[White "Erdogdu, Mert"]
[Black "Aldokhin, Ivan"]
[WhiteFideId "6301495"]
[BlackFideId "24115720"]
[WhiteElo "2485"]
[BlackElo "2306"]
[Result "1-0"]
[Round "03"]
[TimeControl "180+1"]
[Date "2021.07.06"]
[WhiteClock "0:00:30"]
[BlackClock "0:00:05"]

1. e4 c5 2. Nf3 e6 3. d4 cxd4 4. Nxd4 a6 5. c4 Qc7 6. Nc3 Nf6 7. a3 d6 8. Be2 Nbd7 9. Be3 Be7 10. O-O O-O 11. Qd2 b6 12. Rfc1 Bb7 13. f3 Rac8 14. Rc2 Qb8 15. Rb1 Bd8 16. Kh1 Re8 17. b4 Bc7 18. Bg1 Kh8 19. a4 Bd8 20. a5 bxa5 21. b5 Nc5 22. bxa6 Nxa6 23. Ndb5 d5 24. cxd5 exd5 25. exd5 Nxd5 26. Nxd5 Rxc2 27. Qxc2 Bxd5 28. Nc3 Nb4 29. Nxd5 Qe5 30. Nxb4 axb4 31. Bc4 Bc7 32. Bxf7 Re7 33. Bb3 Qf4 34. Qc4 Re8 35. Qxf4 Bxf4 36. Ba4 Rb8 37. g3 Bd6 38. f4 Bf8 39. Kg2 h5 40. h4 Kh7 41. Bc2+ Kh6 42. Be3 Rc8 43. Rb2 Rc3 44. Bd2 Rc4 45. f5+ Kh7 46. f6+ Kg8 1-0


[Site "https://www.chess.com"]

[Event "Titled Tuesday Blitz July 6 2021"]
[White "Estrada Nieto, Julian"]
[Black "Boyer, Mahel"]
[WhiteFideId "5101018"]
[BlackFideId "45102422"]
[WhiteElo "2270"]
[BlackElo "2328"]
[Result "0-1"]
[Round "03"]
[TimeControl "180+1"]
[Date "2021.07.06"]
[WhiteClock "0:00:10"]
[BlackClock "0:00:08"]

1. e4 Nc6 2. Nf3 d5 3. exd5 Qxd5 4. Nc3 Qh5 5. Bb5 Bg4 6. Qe2 O-O-O 7. Bxc6 bxc6 8. b3 Bxf3 9. gxf3 e6 10. Bb2 Ne7 11. Qa6+ Kd7 12. O-O-O Qxf3 13. Rhe1 Nf5 14. Ne4 Be7 15. d4 Rb8 16. Rd3 Qf4+ 17. Kb1 Rb6 18. Qxa7 Bd6 19. Ba3 Rhb8 20. Bxd6 Nxd6 21. Nc5+ Kd8 22. Rxe6 Nb5 23. Qa4 Qxf2 24. Ree3 Qf1+ 25. Kb2 Qf6 26. Qc4 Nd6 27. Qc3 Nb5 28. Qe1 Nd6 29. Kb1 Rb5 30. Ne4 Nxe4 31. Rxe4 Kc8 32. Rde3 Kb7 33. Re8 Qxd4 34. Rxb8+ Kxb8 35. Re8+ Kb7 36. Qe2 Rd5 37. Re7 Qd1+ 38. Qxd1 Rxd1+ 39. Kb2 Rf1 40. Rd7 Rf2 41. Re7 Kc8 42. a4 Kd8 43. Re5 Rxh2 44. a5 Kc8 45. Re7 Kb7 46. Rxf7 Rg2 47. a6+ Kxa6 48. Rxc7 Kb6 49. Rf7 h5 50. b4 h4 51. Rf8 g5 52. Rh8 Kb5 53. Kc3 Rg3+ 54. Kb2 Kxb4 55. Rb8+ Kc5 56. Re8 h3 57. Re5+ Kd6 58. Rf5 g4 59. Rf6+ Ke5 60. Rh6 Rg2 61. Kc3 h2 62. Rh5+ Kf4 63. Rh8 Rg3+ 64. Kc4 Rh3 65. Rf8+ Ke5 66. Rf1 h1=Q 67. Rxh1 Rxh1 68. Kc5 Rc1 69. c4 Rxc4+ 70. Kxc4 g3 71. Kc5 g2 72. Kxc6 g1=Q 0-1


[Site "https://www.chess.com"]

[Event "Titled Tuesday Blitz July 6 2021"]
[White "Gabrielian, Artur"]
[Black "Sokolovsky, Yahli"]
[WhiteFideId "4131002"]
[BlackFideId "2820242"]
[WhiteElo "2523"]
[BlackElo "1770"]
[Result "1-0"]
[Round "03"]
[TimeControl "180+1"]
[Date "2021.07.06"]
[WhiteClock "0:02:07"]
[BlackClock "0:00:09"]

1. e4 g6 2. d4 Bg7 3. Nc3 d6 4. Be3 a6 5. Qd2 b5 6. h4 h5 7. O-O-O Bb7 8. f3 Nd7 9. Nh3 Ngf6 10. Ng5 O-O 11. g4 c5 12. dxc5 Nxc5 13. e5 Nxg4 14. fxg4 Bxh1 15. gxh5 gxh5 16. Qe2 Ne6 17. Qxh5 Nxg5 18. hxg5 Bc6 19. Bd3 Re8 20. Rf1 f6 21. e6 f5 22. Qf7+ Kh8 23. Bxf5 Rf8 24. Qh5+ 1-0


[Site "https://www.chess.com"]

[Event "Titled Tuesday Blitz July 6 2021"]
[White "Galego, Luis"]
[Black "Timmermans, Mark"]
[WhiteFideId "1900072"]
[BlackFideId "1026399"]
[WhiteElo "2524"]
[BlackElo "2460"]
[Result "1-0"]
[Round "03"]
[TimeControl "180+1"]
[Date "2021.07.06"]
[WhiteClock "0:00:18"]
[BlackClock "0:01:07"]

1. e4 e5 2. Nf3 Nc6 3. Bb5 f5 4. d3 fxe4 5. dxe4 Nf6 6. Qd3 d6 7. Nc3 Be7 8. Qc4 Bd7 9. Ng5 Rf8 10. Ne6 Bxe6 11. Qxe6 Qd7 12. Qxd7+ Kxd7 13. Be3 a6 14. Be2 Nd4 15. Bd1 b5 16. a3 c5 17. f3 Bd8 18. Ne2 Ba5+ 19. c3 Nh5 20. b4 Nxe2 21. Bxe2 Bb6 22. a4 Kc6 23. g3 c4 24. Bxb6 Kxb6 25. Kf2 Nf6 26. Ke3 d5 27. Rhd1 Rad8 28. axb5 axb5 29. Rd2 Rf7 30. exd5 Nxd5+ 31. Kf2 Rfd7 32. Rc2 Nf6 33. Rca2 Rb7 34. Ra6+ Kc7 35. Re6 Re8 36. Raa6 Kd7 37. Rad6+ Kc7 38. Rc6+ Kd8 39. Rcd6+ Nd7 40. f4 e4 41. Bg4 Rxe6 42. Bxe6 Ke7 43. Rxd7+ Rxd7 44. Bxd7 Kxd7 45. Ke3 Ke6 46. Kxe4 h5 47. h3 g6 48. g4 hxg4 49. hxg4 Kd6 50. f5 g5 51. Kd4 Kc6 52. Ke5 Kd7 53. f6 Ke8 54. Kf5 Kf7 55. Kxg5 1-0


[Site "https://www.chess.com"]